 Dungeon Crawl Stone Soup version 0.22.1-2-g9c5b331383 (webtiles) character file.

335296 potatolover the Warrior (level 21, -6/135 HPs)
             Began as a Vine Stalker Fighter on Nov 21, 2018.
             Was a High Priest of Trog.
             Mangled by an iron dragon (9 damage)
             ... on level 5 of the Vaults on Nov 23, 2018.
             The game lasted 04:47:02 (36500 turns).

potatolover the Warrior (Vine Stalker Fighter)     Turns: 36500, Time: 04:47:05

Health: -6/135     AC: 29    Str: 39    XL:     21   Next: 86%
Magic:  0/22       EV:  7    Int:  6    God:    Trog [*****.]
Gold:   748        SH: 34    Dex: 21    Spells: 20/20 levels left

rFire    + + +     SeeInvis .   R - +9 scimitar of the Gloaming {slice, *Drain rF+ Str-2 Dex+5}
rCold    . . .     Gourm    .   E - +10 large shield of Ignorance {rN+ Int-4}
rNeg     + . .     Faith    .   m - +2 plate armour {rF+}
rPois    +         Spirit   +   x - +2 helmet
rElec    +         Reflect  .   T - +2 cloak {MR+}
rCorr    +         Harm     .   O - +1 pair of gloves of the Mackerel {rCorr Int+2}
MR       +++++                  (no boots)
Stlth    ..........             L - amulet "Juvoap" {RegenMP rElec Str+4}
HPRegen  2.12/turn              w - ring of Tawnin {rElec rF+ rC- Str+8}
MPRegen  0.43/turn              a - ring of the Evening {rPois rC+ MR+ Str+2}

@: regenerating
A: claws 1, fangs 3, blink, regeneration 2, robust 1, magic shield, antimagic
bite, no potion heal 3, rot immunity
}: 2/15 runes: decaying, gossamer
a: Blink, Berserk, Trog's Hand, Brothers in Arms, Renounce Religion


You were on level 5 of the Vaults.
You worshipped Trog.
Trog was extremely pleased with you.
You were not hungry.

You visited 6 branches of the dungeon, and saw 36 of its levels.
You also visited: Labyrinth, Ossuary and Wizlab.

You collected 5548 gold pieces.
You spent 4800 gold pieces at shops.

Inventory:

Hand Weapons
 H - the +7 demon blade of Past Mistakes {flame, +Blink rPois}
   (You bought it in a shop on level 3 of the Vaults)

   It has been specially enchanted to burn those struck by it, causing extra
   injury to most foes and up to half again as much damage against particularly
   susceptible opponents.
   Big, fiery blades are also staple armaments of hydra-hunters.
   It protects you from poison.
   It lets you blink.
 R - the +9 scimitar of the Gloaming (weapon) {slice, *Drain rF+ Str-2 Dex+5}
   (You found it on level 13 of the Dungeon)

   It inflicts extra damage upon your enemies.
   It affects your strength (-2).
   It affects your dexterity (+5).
   It protects you from fire.
   It causes draining when unequipped.
Armour
 m - a +2 plate armour of fire resistance (worn)
 x - a +2 helmet (worn)
 E - the +10 large shield of Ignorance (worn) {rN+ Int-4}
   (You found it on level 6 of the Lair of Beasts)

   It affects your intelligence (-4).
   It protects you from negative energy.
 O - the +1 pair of gloves of the Mackerel (worn) {rCorr Int+2}
   (You found it on level 4 of the Swamp)

   It affects your intelligence (+2).
   It provides partial protection from all sources of acid and corrosion.
 T - a +2 cloak of magic resistance (worn)
Jewellery
 a - the ring of the Evening (right hand) {rPois rC+ MR+ Str+2}
   (You found it in a wizard's laboratory)

   [ring of strength]

   It affects your strength (+2).
   It protects you from cold.
   It protects you from poison.
   It affects your resistance to hostile enchantments.
 l - an uncursed ring of see invisible
 w - the ring of Tawnin (left hand) {rElec rF+ rC- Str+8}
   (You found it in a wizard's laboratory)

   [ring of protection from fire]

   It affects your strength (+8).
   It protects you from fire.
   It makes you vulnerable to cold.
   It insulates you from electricity.
 A - a +5 ring of slaying
 I - the ring "Gyixifou" {Wiz MP+9}
   (You found it in a labyrinth)

   [ring of wizardry]

   It improves your spell success rate.
   It affects your magic capacity (+9).
 L - the amulet "Juvoap" (around neck) {RegenMP rElec Str+4}
   (You found it in a labyrinth)

   [amulet of magic regeneration]

   It increases your magic regeneration.
   It affects your strength (+4).
   It insulates you from electricity.
Wands
 c - a wand of polymorph (30)
 e - a wand of digging (30)
 B - a wand of paralysis (87)
 J - a wand of acid (11)
 M - a wand of iceblast (20)
Scrolls
 h - 18 scrolls of teleportation
 i - 3 scrolls of magic mapping
 j - 2 scrolls of identify
 p - 20 scrolls of remove curse
 r - 4 scrolls of enchant armour
 s - 2 scrolls of random uselessness {unknown}
 t - 2 scrolls of blinking
 u - 6 scrolls of fog {unknown}
 v - a scroll of summoning {unknown}
 D - 4 scrolls of holy word
 N - 2 scrolls of fear
 P - a scroll of silence {unknown}
 Q - 2 scrolls of vulnerability {unknown}
 W - 4 scrolls of enchant weapon {unknown}
 X - 5 scrolls of acquirement {unknown}
Potions
 b - 5 potions of ambrosia
 d - 3 potions of might
 g - 5 potions of agility
 k - 2 potions of berserk rage {unknown}
 n - 4 potions of lignification
 q - 12 potions of curing
 z - 7 potions of flight
 G - 5 potions of haste
 K - 4 potions of brilliance
 S - 2 potions of cancellation {unknown}
 Z - 2 potions of invisibility {unknown}
Miscellaneous
 C - 4 phantom mirrors
Comestibles
 f - 68 rations


   Skills:
 + Level 18.2 Fighting
 + Level 18.1 Long Blades
 + Level 16.9 Armour
 - Level 15.0 Shields


You had 20 spell levels left.
You didn't know any spells.
Your spell library was empty.

Dungeon Overview and Level Annotations

Branches:
Dungeon (15/15)            Temple (0/1) D:4            Lair (6/6) D:11
  Swamp (4/4) Lair:3       Spider (4/4) Lair:4        Slime (0/5) Lair:5
    Orc (2/2) D:12            Elf (0/3) Orc:2        Vaults (5/5) D:13
  Crypt (0/3) Vaults:3     Depths (0/5) D:15

Altars:
Cheibriados
Elyvilon
Gozag
Kikubaaqudgha
Makhleb
Nemelex Xobeh
Okawaru
Qazlal
Ru
Sif Muna
Trog
Uskayaw
Xom
Yredelemnul
The Shining One
Jiyva

Shops:
D:11 }   Orc:2 (!:*   Vaults:3 (*[

Annotations:
D:3 1 runed door, BushDid911's ghost, amateur HuFi
D:8 3 runed doors, Allula97's ghost, novice FeMo
D:14 1 runed door


Innate Abilities, Weirdness & Mutations

You have razor-sharp teeth.
You heal very quickly.
When hurt, damage is shared between your health and your magic reserves.
Your bite disrupts and absorbs the magic of your enemies.
Potions cannot restore your health.
You are immune to rotting.
You have sharp fingernails.
You can translocate small distances at will.
You are robust. (+10% HP)


Message History

The vault guard hits your deep troll with a great sword!
The deep troll closely misses your deep troll.
The deep troll claws your deep troll! x2
The war gargoyle launches metal splinters at you.
The spray of metal splinters hits you!
Your deep troll bites the deep troll!!
The deep troll dies!
Trog accepts your kill.
The troll leather armour is intact enough to wear.
Press: ? - help, v - describe, . - travel
Here: an iron dragon (severely wounded, catching its breath)
The floor.
Unknown command.
As you read the scroll of fear, it crumbles to dust.
You assume a fearsome visage.
The iron dragon easily resists.
The war gargoyle is unaffected.
The vault guard looks frightened!
The vault guard resists with some effort.
The ettin looks frightened!
The iron dragon bites you!
* * * LOW HITPOINT WARNING * * *
You block the iron dragon's attack. The iron dragon tramples you!
You die...

########################
....[......p..TD@...C...
.............[p9.)......
....####################
..... ..#.. ..#### .. ..


You could see an iron dragon, 2 vault guards, an ettin (fleeing), a war gargoyle
and a friendly deep troll (berserk).

Vanquished Creatures
  Frederick (Vaults:2)
  Arachne (Spider:3)
  A bone dragon (Swamp:4)
  A Hellbinder (WizLab)
  3 tentacled monstrosities
  A lich (Vaults:3)
  The ghost of Inap the Carver, an adept DgSk (Vaults:1)
  Asterion (Spider:3)
  2 sphinxes (Vaults:3)
  Kirke (Lair:4)
  2 thorn hunters (Swamp:4)
  A storm dragon (Vaults:4)
  A fire giant (Vaults:3)
  A frost giant (Vaults:4)
  2 ghost moths (Spider:4)
  8 vault wardens
  2 cacodemons (WizLab)
  7 emperor scorpions
  5 stone giants
  2 very ugly things
  11 ironheart preservers
  7 entropy weavers
  Azrael (Spider:3)
  A minotaur (Lab)
  A deep elf annihilator (Vaults:1)
  A spark wasp (Spider:4)
  A black sun (WizLab)
  Snorg (Lair:4)
  2 blizzard demons (WizLab)
  A crystal guardian (Vaults:4)
  4 fire dragons
  A great orb of eyes (Vaults:3)
  4 yaktaur captains
  A rakshasa (Vaults:2)
  8 vault guards
  2 hell beasts (WizLab)
  4 ice dragons
  A ghost crab (Swamp:4)
  17 hydras
  A catoblepas (Lair:4)
  7 centaur warriors
  13 alligators
  23 two-headed ogres
  2 death knights
  A tengu warrior (D:13)
  11 ogre magi
  3 death yaks (Lair:4)
  A deep troll earth mage (Vaults:4)
  3 orc high priests (Orc:2)
  Urug (Lair:2)
  2 sun demons (WizLab)
  3 deep elf knights
  A soul eater (WizLab)
  5 skeletal warriors (Vaults:3)
  A spectral hydra (Swamp:4)
  3 swamp dragons
  5 deep trolls (Vaults:4)
  2 spriggan druids
  4 unseen horrors
  3 deep elf archers
  3 wizards
  2 shambling mangroves
  4 glowing orange brains
  A necromancer (D:13)
  14 ironbrand convokers
  3 shadow demons (WizLab)
  3 phantasmal warriors
  16 orc knights
  A harpy (shapeshifter) (Vaults:1)
  7 orc sorcerers
  15 orb spiders
  2 oklob plants (Spider:2)
  12 deep elf magi
  54 ugly things
  39 wolf spiders
  3 manticores
  A tengu skeleton (Vaults:3)
  5 cyclopes
  16 elephants
  30 slime creatures
  2 rust devils (WizLab)
  A moth of wrath (shapeshifter) (Vaults:2)
  2 guardian serpents
  3 moths of wrath
  A stone giant skeleton (Vaults:3)
  A sphinx skeleton (Vaults:3)
  3 smoke demons (WizLab)
  2 torpor snails (Lair:6)
  6 human skeletons (Vaults:3)
  Joseph (Lair:1)
  10 black mambas
  8 vault sentinels
  28 spiny frogs
  A spiny frog (shapeshifter) (Vaults:3)
  3 orange demons (WizLab)
  A rime drake (shapeshifter) (Vaults:2)
  2 gargoyles (D:13)
  A hellion (WizLab)
  3 rime drakes
  6 komodo dragons
  39 yaktaurs
  3 swamp worm zombies (Swamp:4)
  2 freezing wraiths (Vaults:4)
  17 demonic crawlers
  2 kobold demonologists (D:14)
  A tormentor (WizLab)
  2 hellwings (WizLab)
  3 tengu conjurers
  14 trolls
  An ice devil (WizLab)
  A hydra zombie (Swamp:4)
  A queen bee (Spider:4)
  13 polar bears
  2 red devils (WizLab)
  6 meliai
  30 jumping spiders
  22 hornets
  5 raiju (Lair:6)
  27 blink frogs
  A polar bear (shapeshifter) (Vaults:3)
  6 tyrant leeches
  3 alligator zombies (Swamp:4)
  A raiju (shapeshifter) (Vaults:1)
  9 dream sheep
  A dream sheep (shapeshifter) (Vaults:4)
  3 spectral swamp dragons (Swamp:4)
  5 bog bodies (Swamp:4)
  7 hippogriffs
  A fire giant simulacrum (Vaults:2)
  A frost giant simulacrum (Vaults:1)
  A meliai zombie (D:12)
  4 spriggans
  52 redbacks
  3 shadows
  2 vampires
  30 tarantellas
  9 wyverns
  Sigmund (D:4)
  49 yaks
  A spriggan (shapeshifter) (D:14)
  2 ynoxinuls (WizLab)
  3 ettin skeletons (Vaults:3)
  4 fire bats (D:10)
  8 basilisks
  2 basilisks (shapeshifter)
  2 neqoxecs (WizLab)
  A hungry ghost (D:13)
  A hog (Lair:3)
  41 vampire mosquitoes
  A chaos spawn (WizLab)
  11 wargs
  9 insubstantial wisps
  15 swamp worms
  An acid dragon (D:11)
  22 water moccasins
  13 hell hounds
  14 porcupines
  4 swamp drakes
  A porcupine (shapeshifter) (Vaults:1)
  39 orc warriors
  2 ice beasts
  2 sky beasts
  A deep troll skeleton (Vaults:3)
  4 swamp dragon zombies (Swamp:4)
  11 phantoms
  11 black bears (Lair:6)
  A necrophage (D:11)
  34 ogres
  7 boggarts (Vaults:2)
  23 wolves (Lair:6)
  22 centaurs
  7 crocodiles
  7 big kobolds
  15 bullfrogs
  A wyvern zombie (D:13)
  11 scorpions
  A water moccasin skeleton (D:7)
  3 wights (D:13)
  17 killer bees
  5 howler monkeys
  4 electric eels
  2 lava snakes (D:10)
  3 crimson imps
  A bullfrog zombie (D:11)
  12 centaur zombies
  A jelly (D:13)
  13 orc priests
  6 centaur skeletons
  7 hounds
  19 orc wizards
  2 bullfrog skeletons
  5 worker ants
  3 iguanas
  A spectral swamp drake (Swamp:4)
  A hound zombie (D:5)
  A hound skeleton (D:10)
  4 mummies (Ossuary)
  A worker ant zombie (D:8)
  3 gnolls (D:6)
  2 howler monkey skeletons
  11 adders
  6 shadow imps
  3 worms
  2 dart slugs (D:1)
  3 leopard geckos
  79 orcs
  5 bats
  2 giant cockroaches
  9 hobgoblins
  3 jackals (D:8)
  21 kobolds
  5 quokkas
  A ball python (D:2)
  3 frilled lizards
  6 goblins
  A hobgoblin zombie (Ossuary)
  A quokka zombie (D:5)
  8 rats
  2 rat zombies (D:8)
  A spectral orc (D:7)
  2 fire vortices (D:10)
1549 creatures vanquished.

Vanquished Creatures (collateral kills)
  2 thorn hunters
  A frost giant (Vaults:3)
  2 ironheart preservers
  A stone giant (Vaults:4)
  Nessos (D:15)
  A yaktaur captain (Vaults:3)
  An ogre mage (Vaults:4)
  A hydra (D:13)
  A vault guard (Vaults:5)
  A rakshasa (Vaults:3)
  4 two-headed ogres (Vaults:4)
  3 deep trolls
  2 spectral hydras (Swamp:4)
  A shadow demon (WizLab)
  2 ugly things (Swamp:3)
  A wolf spider (Spider:4)
  A red devil (WizLab)
  3 jumping spiders (Spider:3)
  A hydra zombie (Swamp:4)
  2 slime creatures (Swamp:2)
  A bog body (Swamp:3)
  A redback (Spider:3)
  A vampire mosquito (Swamp:3)
  A yak (Lair:3)
  3 fire elementals (Spider:3)
  A chaos spawn (WizLab)
  A swamp worm (Swamp:3)
  A porcupine (Lair:3)
  3 hell hounds (Spider:3)
  A swamp dragon zombie (Swamp:4)
  A boggart (Vaults:2)
  An electric eel (Lair:3)
  A swamp drake zombie (Swamp:4)
  A briar patch (Swamp:2)
50 creatures vanquished.

Vanquished Creatures (others)
  A jumping spider (Spider:2)
  3 humans (Lair:4)
  2 insubstantial wisps (Swamp:4)
  An ogre (D:5)
  An orc priest (Orc:2)
  A leopard gecko (D:5)
  A briar patch (Swamp:4)
  A bush (Lair:6)
  A fire vortex (D:10)
  28 fungi
  36 plants
76 creatures vanquished.

Grand Total: 1675 creatures vanquished

Notes
Turn   | Place    | Note
-------+----------+-------------------------------------------
     0 | D:1      | potatolover the Vine Stalker Fighter began the quest for
                  | the Orb.
     0 | D:1      | Reached XP level 1. HP: 11/11 MP: 2/2
   142 | D:1      | Reached XP level 2. HP: 16/16 MP: 3/3
   285 | D:1      | Reached XP level 3. HP: 9/20 MP: 4/4
  1516 | D:3      | Found an ancient bone altar of Kikubaaqudgha.
  1566 | D:3      | Gained mutation: Your natural rate of healing is unusually
                  | fast. [Vine Stalker growth]
  1566 | D:3      | Reached XP level 4. HP: 24/24 MP: 5/5
  1740 | D:3      | Found a hide-covered altar of Uskayaw.
  1818 | D:3      | Found a sacrificial altar of Ru.
  1818 | D:3      | Found a burning altar of Makhleb.
  1818 | D:3      | Found a glowing golden altar of the Shining One.
  2105 | D:3      | Found a runed door.
  2106 | D:3      | Noticed BushDid911's ghost (amateur HuFi)
  2134 | D:3      | Reached XP level 5. HP: 28/28 MP: 6/6
  2344 | D:4      | Reached XP level 6. HP: 31/33 MP: 7/7
  2534 | D:4      | Found a bloodstained altar of Trog.
  2542 | D:4      | Became a worshipper of Trog the Wrathful
  2636 | D:4      | Found a staircase to the Ecumenical Temple.
  2742 | D:4      | Noticed a phantom
  2783 | D:4      | Killed a phantom
  2842 | D:4      | Noticed Sigmund
  2864 | D:4      | Killed Sigmund
  2864 | D:4      | Reached XP level 7. HP: 30/38 MP: 8/8
  2988 | D:4      | Found the +4 skin of Zhor {rC+++}
  3179 | D:5      | Entered Level 5 of the Dungeon
  3301 | D:5      | Found a shimmering altar of Xom.
  3764 | D:6      | Reached * piety under Trog
  3764 | D:6      | Gained mutation: You have razor-sharp teeth. [Vine Stalker
                  | growth]
  3764 | D:6      | Reached XP level 8. HP: 42/42 MP: 9/9
  3813 | D:6      | Reached skill level 5 in Fighting
  3816 | D:6      | Found a white marble altar of Elyvilon.
  3970 | D:6      | Reached skill level 5 in Shields
  4443 | D:7      | Found an iron altar of Okawaru.
  4494 | D:7      | Found a snail-covered altar of Cheibriados.
  4537 | D:7      | Reached skill level 5 in Armour
  4538 | D:7      | Found a basalt altar of Yredelemnul.
  4607 | D:7      | HP: 2/66 [something (3)]
  5054 | D:7      | Reached skill level 5 in Long Blades
  5407 | D:8      | Reached XP level 9. HP: 42/48 MP: 7/10
  5417 | D:8      | Found a stormy altar of Qazlal.
  5445 | D:8      | Found a sand-covered staircase.
  5458 | Ossuary  | Entered an ossuary
  5762 | D:8      | Found a runed gate.
  5762 | D:8      | Found a runed gate.
  5763 | D:8      | Found a runed gate.
  5766 | D:8      | Noticed a two-headed ogre
  5768 | D:8      | Noticed Allula97's ghost (novice FeMo)
  5847 | D:8      | Killed a two-headed ogre
  5847 | D:8      | Reached ** piety under Trog
  5929 | D:8      | Noticed a cyclops
  5939 | D:8      | Killed a cyclops
  5939 | D:8      | Reached XP level 10. HP: 52/53 MP: 11/11
  5968 | D:8      | Found a sparkling altar of Nemelex Xobeh.
  6130 | D:8      | Got a bloodstained spear
  6131 | D:8      | Identified the +4 spear "Kuthuyn" {pain, *Noise Dex+5
                  | Stlth+} (You found it on level 8 of the Dungeon)
  6152 | D:8      | Found a viscous altar of Jiyva.
  7018 | D:10     | Entered Level 10 of the Dungeon
  7076 | D:10     | Reached *** piety under Trog
  7142 | D:10     | Noticed a three-headed hydra
  7181 | D:10     | Killed a one-headed hydra
  7319 | D:10     | Reached XP level 11. HP: 59/60 MP: 12/12
  7435 | D:10     | Noticed a two-headed ogre
  7442 | D:10     | Killed a two-headed ogre
  8027 | D:11     | Noticed a green ugly thing
  8040 | D:11     | Killed a green ugly thing
  8047 | D:11     | Noticed a deep elf mage
  8058 | D:11     | Killed a deep elf mage
  8239 | D:11     | Reached **** piety under Trog
  8308 | D:11     | Found a staircase to the Lair.
  8414 | Lair:1   | Entered Level 1 of the Lair of Beasts
  8430 | Lair:1   | Noticed Joseph
  8435 | Lair:1   | Noticed a six-headed hydra
  8496 | Lair:1   | Killed a four-headed hydra
  8504 | Lair:1   | Killed Joseph
  8566 | Lair:1   | Gained mutation: You heal very quickly. [Vine Stalker
                  | growth]
  8566 | Lair:1   | Reached XP level 12. HP: 44/66 MP: 11/13
  9535 | Lair:2   | Noticed a five-headed hydra
  9543 | Lair:2   | Killed a one-headed hydra
  9877 | Lair:2   | Noticed Urug
  9888 | Lair:2   | Killed Urug
  9888 | Lair:2   | Reached skill level 10 in Fighting
  9888 | Lair:2   | Reached skill level 10 in Shields
 10449 | Lair:3   | Found a staircase to the Swamp.
 10499 | Lair:3   | Reached skill level 10 in Long Blades
 10631 | Lair:3   | Reached XP level 13. HP: 72/72 MP: 14/14
 10642 | Lair:3   | Reached ***** piety under Trog
 11203 | Lair:4   | Noticed Kirke
 11258 | Lair:4   | Killed Kirke
 11409 | Lair:4   | Found a hole to the Spider Nest.
 11654 | Lair:4   | Noticed Snorg
 11665 | Lair:4   | Killed Snorg
 12060 | Lair:4   | Reached skill level 10 in Armour
 12206 | Lair:4   | Gained mutation: You have a pair of small antennae on your
                  | head. [potion of mutation]
 12206 | Lair:4   | Gained mutation: You are dopey. (Int -2) [potion of
                  | mutation]
 12206 | Lair:4   | Gained mutation: You are robust. (+10% HP) [potion of
                  | mutation]
 12207 | Lair:4   | Lost mutation: You are dopey. (Int -2) [potion of mutation]
 12207 | Lair:4   | Lost mutation: You have a pair of small antennae on your
                  | head. [potion of mutation]
 12207 | Lair:4   | Lost mutation: You are robust. (+10% HP) [potion of
                  | mutation]
 12207 | Lair:4   | Gained mutation: You are resistant to hostile enchantments.
                  | (MR+) [potion of mutation]
 12207 | Lair:4   | Gained mutation: You have a pair of small antennae on your
                  | head. [potion of mutation]
 12413 | Lair:4   | Lost mutation: You are resistant to hostile enchantments.
                  | (MR+) [potion of mutation]
 12413 | Lair:4   | Lost mutation: You have a pair of small antennae on your
                  | head. [potion of mutation]
 12413 | Lair:4   | Gained mutation: You can translocate small distances at
                  | will. [potion of mutation]
 12413 | Lair:4   | Gained mutation: You have sharp fingernails. [potion of
                  | mutation]
 12414 | Lair:4   | Lost mutation: You can translocate small distances at will.
                  | [potion of mutation]
 12414 | Lair:4   | Gained mutation: You are robust. (+10% HP) [potion of
                  | mutation]
 12414 | Lair:4   | Gained mutation: You can translocate small distances at
                  | will. [potion of mutation]
 12957 | Lair:5   | Found a labyrinth entrance.
 13033 | Lab      | Entered a labyrinth
 13358 | Lab      | Noticed a minotaur
 13361 | Lab      | Identified the Guide on Unstable Toxins
 13368 | Lab      | Killed a minotaur
 13372 | Lab      | Got a glittering copper ring
 13372 | Lab      | Got a scorched tin amulet
 13376 | Lair:5   | Identified the amulet "Juvoap" {RegenMP rElec Str+4} (You
                  | found it in a labyrinth)
 13378 | Lair:5   | Identified the ring "Gyixifou" {Wiz MP+9} (You found it in
                  | a labyrinth)
 13491 | Lair:5   | Reached XP level 14. HP: 74/86 MP: 15/15
 13540 | Lair:5   | Found a staircase to the Slime Pits.
 14117 | Lair:6   | Entered Level 6 of the Lair of Beasts
 15280 | Lair:6   | Reached XP level 15. HP: 92/92 MP: 16/16
 15661 | Lair:6   | Found the +10 large shield of Ignorance {rN+ Int-4}
 16076 | Lair:6   | Received a gift from Trog
 16466 | D:11     | Found Cumo's Gadget Shop.
 17192 | D:12     | Found a staircase to the Orcish Mines.
 17488 | D:13     | Got a bone scimitar
 17489 | D:13     | Identified the +9 scimitar of the Gloaming {slice, *Drain
                  | rF+ Str-2 Dex+5} (You found it on level 13 of the Dungeon)
 17659 | D:13     | Found a sparkling altar of Nemelex Xobeh.
 17801 | D:13     | Received a gift from Trog
 17951 | D:13     | Found a gate to the Vaults.
 18755 | D:14     | Found a runed door.
 18755 | D:14     | Noticed a sphinx
 18756 | D:14     | Found the +5 demon whip "Spellbinder" {antimagic, MR+}
 18757 | D:14     | Noticed a shadow dragon
 18757 | D:14     | Noticed a tengu reaver
 18757 | D:14     | Noticed a fire giant
 19391 | D:15     | Entered Level 15 of the Dungeon
 19419 | D:15     | Found a deep blue altar of Sif Muna.
 19440 | D:15     | Noticed Nessos
 19466 | D:15     | Killed Nessos
 19515 | D:15     | Received a gift from Trog
 19547 | D:15     | Reached XP level 16. HP: 99/100 MP: 15/17
 20182 | D:15     | Found a staircase to the Depths.
 20253 | D:14     | Identified the Disquisition on the Mountains
 20727 | Orc:1    | Entered Level 1 of the Orcish Mines
 21260 | Orc:2    | Entered Level 2 of the Orcish Mines
 21271 | Orc:2    | Received a gift from Trog
 21381 | Orc:2    | Found Rof Ock's Assorted Antiques.
 21541 | Orc:2    | Found Sylu's Book Boutique.
 21547 | Orc:2    | Found Nicsy's Distillery.
 21549 | Orc:2    | Found Ugockaom's Weapon Shoppe.
 21665 | Orc:2    | Found a staircase to the Elven Halls.
 22133 | Swamp:1  | Entered Level 1 of the Swamp
 22577 | Swamp:1  | Found a deep blue altar of Sif Muna.
 22965 | Swamp:2  | Reached ****** piety under Trog
 22969 | Swamp:2  | Received a gift from Trog
 23045 | Swamp:2  | Noticed a thorn hunter
 23060 | Swamp:2  | Killed a thorn hunter
 23681 | Swamp:3  | Noticed a thorn hunter
 23690 | Swamp:3  | Killed a thorn hunter
 23755 | Swamp:3  | Noticed a tentacled monstrosity
 23767 | Swamp:3  | Killed a tentacled monstrosity
 23767 | Swamp:3  | Reached XP level 17. HP: 106/106 MP: 18/18
 24389 | Swamp:4  | Entered Level 4 of the Swamp
 24400 | Swamp:4  | Received a gift from Trog
 24837 | Swamp:4  | Noticed a bone dragon
 24847 | Swamp:4  | Received a gift from Trog
 24859 | Swamp:4  | Killed a bone dragon
 24887 | Swamp:4  | Got a decaying rune of Zot
 25035 | Swamp:4  | Got a pair of brightly glowing gloves
 25046 | Swamp:4  | Identified the +1 pair of gloves of the Mackerel {rCorr
                  | Int+2} (You found it on level 4 of the Swamp)
 25569 | Spider:1 | Entered Level 1 of the Spider Nest
 26694 | Spider:2 | Reached XP level 18. HP: 112/112 MP: 19/19
 26740 | Spider:2 | Received a gift from Trog
 27353 | Spider:3 | Noticed Asterion
 27366 | Spider:3 | Killed Asterion
 27487 | Spider:2 | Reached skill level 15 in Fighting
 27545 | Spider:3 | Reached skill level 15 in Shields
 27822 | Spider:3 | Noticed Azrael
 27841 | Spider:3 | Killed Azrael
 27844 | Spider:3 | Noticed Arachne
 27844 | Spider:3 | Received a gift from Trog
 27853 | Spider:3 | Killed Arachne
 28243 | Spider:4 | Entered Level 4 of the Spider Nest
 28246 | Spider:4 | Reached skill level 15 in Long Blades
 28734 | Spider:4 | Received a gift from Trog
 28839 | Spider:4 | Reached XP level 19. HP: 111/119 MP: 20/20
 28882 | Spider:4 | Got a gossamer rune of Zot
 29296 | Vaults:1 | Entered Level 1 of the Vaults
 29808 | Vaults:1 | Received a gift from Trog
 29883 | Vaults:1 | Found a runed door.
 29885 | Vaults:1 | Noticed Inap's ghost (adept DgSk)
 29917 | Vaults:1 | Killed Inap's ghost
 30345 | Vaults:1 | Reached skill level 15 in Armour
 31257 | Vaults:2 | Found a magical portal.
 31273 | WizLab   | Entered The Hall of the Hellbinder
 31298 | WizLab   | Received a gift from Trog
 31398 | WizLab   | Reached XP level 20. HP: 90/127 MP: 21/21
 31614 | WizLab   | Found a burning altar of Makhleb.
 31620 | WizLab   | Noticed Wasah
 31670 | WizLab   | Killed Wasah the Hellbinder
 31744 | WizLab   | Got a pitted golden ring
 31747 | WizLab   | Identified the ring of Tawnin {rElec rF+ rC- Str+8} (You
                  | found it in a wizard's laboratory)
 31775 | WizLab   | Got an ancient marble ring
 31777 | WizLab   | Identified the Almanac of Creation
 31786 | WizLab   | Identified the ring of the Evening {rPois rC+ MR+ Str+2}
                  | (You found it in a wizard's laboratory)
 32405 | Vaults:2 | Received a gift from Trog
 33074 | Vaults:2 | Noticed Frederick
 33081 | Vaults:2 | Killed Frederick
 33481 | Vaults:2 | Received a gift from Trog
 34073 | Vaults:3 | Found a staircase to the Crypt.
 34158 | Vaults:3 | Reached XP level 21. HP: 134/134 MP: 22/22
 34436 | Vaults:3 | Received a gift from Trog
 34486 | Vaults:3 | Found Gozag's Antique Weapon Boutique.
 34492 | Vaults:3 | Found an opulent altar of Gozag.
 34501 | Vaults:3 | Found Gozag's Assorted Antiques.
 34573 | Vaults:3 | Found Gozag's Antique Armour Shop.
 34705 | Vaults:3 | Bought a jewelled demon blade for 2000 gold pieces
 34721 | Vaults:3 | Bought a slimy plate armour for 2800 gold pieces
 35112 | Vaults:3 | Identified the cursed +0 plate armour of Amorality {*Contam
                  | rElec rPois Stlth+} (You bought it in a shop on level 3 of
                  | the Vaults)
 35775 | Vaults:4 | Received a gift from Trog
 36145 | Vaults:4 | Identified the +7 demon blade of Past Mistakes {flame,
                  | +Blink rPois} (You bought it in a shop on level 3 of the
                  | Vaults)
 36425 | Vaults:5 | Entered Level 5 of the Vaults
 36425 | Vaults:5 | Noticed a golden dragon
 36500 | Vaults:5 | HP: 3/135 [iron dragon (12)]
 36500 | Vaults:5 | Mangled by an iron dragon

Skill      XL: |  1  2  3  4  5  6  7  8  9 10 11 12 13 14 15 16 17 18 19 20 21 |
---------------+----------------------------------------------------------------+-----
Fighting       | 3 4 5 6 8 9 10 11 12 13 14 15 16 17 18 | 18.2
Long Blades    | 2 3 4 5 6 7 8 10 11 12 13 14 15 16 17 18 | 18.1
Shields        | 3 4 5 6 8 9 10 11 12 13 14 15 | 15.0
Armour         | 3 4 5 6 7 8 9 10 11 12 13 14 15 16 | 16.9

Action                   |  1- 3 |  4- 6 |  7- 9 | 10-12 | 13-15 | 16-18 | 19-21 || total
-------------------------+-------+-------+-------+-------+-------+-------+-------++-------
Melee: Long sword        |    93 |   128 |   293 |   101 |       |       |       ||   615
       Bite              |    24 |    42 |   121 |   220 |   631 |   666 |   764 ||  2468
       Falchion          |       |       |       |   381 |   905 |       |       ||  1286
       Scimitar          |       |       |       |       |   196 |  1353 |  1324 ||  2873
       Double sword      |       |       |       |       |    78 |       |       ||    78
Invok: Berserk           |       |       |     5 |     8 |    15 |     9 |     3 ||    40
       Brothers in Arms  |       |       |       |     2 |     3 |     7 |    16 ||    28
       Trog's Hand       |       |       |       |       |     5 |     2 |     5 ||    12
 Abil: Blink             |       |       |       |       |       |     1 |       ||     1
  Use: Scroll            |     1 |       |     3 |    11 |    14 |     8 |    12 ||    49
       Potion            |       |       |       |     4 |     5 |     2 |     3 ||    14
 Stab: Petrified         |       |       |       |       |     3 |       |       ||     3
       Distracted        |       |       |       |       |       |     1 |     4 ||     5
       Held in net/web   |       |       |       |       |       |       |     1 ||     1
  Eat: Chunk             |     2 |     5 |    10 |    26 |    34 |    36 |    21 ||   134
       Ration            |       |       |     1 |       |     4 |     3 |     4 ||    12
Armor: Scale mail        |    33 |       |       |       |       |       |       ||    33
       Fire dragon scale |    10 |    83 |   172 |   171 |       |       |       ||   436
       Chain mail        |       |       |       |    19 |   580 |    45 |       ||   644
       Swamp dragon scal |       |       |       |       |       |   410 |   158 ||   568
       Plate armour      |       |       |       |       |       |       |   119 ||   119
Dodge: Dodged            |    34 |    48 |    66 |   108 |   292 |   204 |   129 ||   881
Block: Shield            |    34 |    56 |   147 |   234 |   734 |    41 |       ||  1246
       Large shield      |       |       |       |       |       |  1748 |  1476 ||  3224
       Rpst.: Long sword |    13 |    15 |    21 |     9 |       |       |       ||    58
       Falchion          |       |       |       |    26 |    55 |       |       ||    81
       Scimitar          |       |       |       |       |     6 |    33 |    22 ||    61
       Double sword      |       |       |       |       |     4 |       |       ||     4
